 Dungeon Crawl Stone Soup version 0.27-a0-1087-gf39c287674 (webtiles) character file.

Game seed: 902927534370710241

16 Notrik the Stinger (level 2, -2/34 HPs)
             Began as a Draconian Venom Mage on Apr 27, 2021.
             Slain by an adder (3 damage)
             ... on level 2 of the Dungeon.
             The game lasted 00:03:58 (1470 turns).

Notrik the Stinger (Draconian Venom Mage)           Turns: 1470, Time: 00:03:59

Health: -2/34      AC: 21    Str: 10    XL:     2   Next: 37%
Magic:  4/5        EV:  2    Int: 15    God:
Gold:   26         SH:  5    Dex: 11    Spells: 4/5 levels left

rFire    . . .     SeeInvis +   (no weapon)
rCold    . . .     Faith    .   (no shield)
rNeg     + + +     Spirit   .   (armour unavailable)
rPois    +         Reflect  +   (helmet currently unavailable)
rElec    .         Harm     .   (cloak currently unavailable)
rCorr    .         Rampage  .   (gloves currently unavailable)
Will     .....     NoTele   +   (boots currently unavailable)
Stlth    ++........             d - amulet of reflection
HPRegen  0.11/turn              e - ring of see invisible
MPRegen  0.09/turn              (no ring)

@: tree-form, attractive
A: stationary, stasis, torment immunity, boosted hp, AC +4, unfitting armour,
(cold-blooded)
a: no special abilities


You were on level 2 of the Dungeon.
You were a tree.
You visited 1 branch of the dungeon, and saw 2 of its levels.

You collected 26 gold pieces.

Inventory:

Jewellery
 d - an amulet of reflection (around neck)
 e - a ring of see invisible (left branch)
Potions
 c - a potion of curing {unknown}


   Skills:
 * Level 1.2 Fighting
 - Level 1.7 Dodging
 - Level 1.7 Stealth
 + Level 2.1 Spellcasting
 - Level 1.0 Transmutations
 + Level 3.3 Poison Magic


You had 4 spell levels left.
You knew the following spells:

 Your Spells              Type           Power      Damage    Failure   Level
a - Sting                 Tmut/Pois      32%        1d4       9%          1

Your spell library contained the following spells:

 Spells                   Type           Power      Damage    Failure   Level
 Poisonous Vapours        Pois/Air       12%        N/A       17%         2
 Ignite Poison            Fire/Tmut/Pois 6%         N/A       34%         3
 Mephitic Cloud           Conj/Pois/Air  4%         N/A       38%         3
 Olgreb's Toxic Radiance  Pois           11%        N/A       50%         4


Dungeon Overview and Level Annotations

Branches:
Dungeon (2/15)

Altars:

Shops:
D:1 :


Innate Abilities, Weirdness & Mutations

You are a tree.
Your roots penetrate the ground, keeping you stationary.
You cannot be teleported.
You are immune to unholy pain and torment.
Your maximum health is greatly increased.
Your equipment is partially melded.
((Your plain brown scales are hard. (AC +4)))
You cannot fit into any form of body armour.
((You are cold-blooded and may be slowed by cold attacks.))


Message History

Press: ? - help, Q - select action Shift-Dir - straight line, f/p - adder
Aim: an adder (48% to hit)
The sting misses the adder.
You block the adder's attack. The adder misses you.
A hobgoblin comes into view.
Found a stone staircase leading down.
The hobgoblin shouts!
The adder closely misses you. You block the adder's attack.
The adder bites you.
You are poisoned.
The adder poisons you!
You feel sick.
You feel sick.
A dart slug comes into view.
You feel sick. The adder barely misses you.
Found 13 gold pieces.
You feel sick.
You feel sick.
You feel sick.
You are no longer poisoned.
The adder closely misses you.
Okay, then.
It was a potion of attraction.
You feel attractive to monsters. The adder closely misses you.
The dart slug is pulled toward you!
It was a potion of lignification.
You turn into a tree.
Your roots penetrate the ground.
The adder bites you but does no damage. x2
You hit the adder.
The adder is lightly wounded.
You block the adder's attack.
You closely miss the adder.
The adder is lightly wounded.
The adder bites you.
* * * LOW HITPOINT WARNING * * *
You barely miss the adder.
The adder is lightly wounded.
The adder bites you.
You die...

.##........# ##.## #
.##.###.#### #.# .#
.##.# #... #.# ..#
###.# ##### # #.##..#
#.# #.##....$# ###.##
#...w...##
.....########.##g####
#............ #S#
#.##.####### #♣#
..##.# #........
####.# #########
####.# .....# ###.##
#)# #.#######
#.......#


You could see an adder, a dart slug and a hobgoblin.

Vanquished Creatures
  A ball python (D:1)
  A bat (D:2)
  An endoplasm (D:1)
  A giant cockroach (D:1)
  2 goblins
  2 hobgoblins (D:1)
  A quokka (D:1)
  A frilled lizard (D:1)
  2 kobolds
  A rat (D:2)
13 creatures vanquished.

Notes
Turn   | Place    | Note
-------+----------+-------------------------------------------
     0 | D:1      | Notrik the Draconian Venom Mage began the quest for the
                  | Orb.
     0 | D:1      | Reached XP level 1. HP: 14/14 MP: 3/3
   606 | D:1      | Reached skill level 1 in Fighting
   606 | D:1      | Reached XP level 2. HP: 23/23 MP: 1/5
   668 | D:1      | Found Ajost's Book Shop.
  1469 | D:2      | HP: 1/34 [adder (3)]
  1470 | D:2      | Slain by an adder

Illustrated notes

Levels and vault maps discovered:
D:1:      dpeg_arrival_renting, layout_basic, serial_shops, shop
D:2:      layout_loops_ring, hellmonk_ecumenical_altar_leap_of_faith

Skill      XL: |  1 |
---------------+----+-----
Fighting       | 1 |  1.2
Dodging        | |  1.7
Stealth        | |  1.7
Spellcasting   | |  2.1
Transmutations | |  1.0
Poison Magic   | |  3.3

Action                   || total
-------------------------++-------
Melee: Unarmed           ||    29
       Tailslap          ||     3
 Cast: Sting             ||    29
  Use: Potion            ||     2
Armor: Skin              ||    15
Dodge: Dodged            ||    36
Block: Other             ||     8

Table legend: (Time is in decaauts)
 A = Elapsed time spent in this place.
 B = Non-inter-level travel time spent in this place.
 C = Inter-level travel time spent in this place.
 D = Time resting spent in this place.
 E = Time spent auto-exploring this place.
 F = Levels seen in this place.
 G = Mean time per level.
                   A        B        C        D        E       F      G
               +--------+--------+--------+--------+--------+-----+--------+
         Total |   1469 |   1438 |     31 |    152 |   1083 |   2 |  734.5 |
       Dungeon |   1469 |   1438 |     31 |    152 |   1083 |   2 |  734.5 |
               +--------+--------+--------+--------+--------+-----+--------+

Top non-repeatable levels by time:
     D:1: 1146 daAuts
     D:2: 322 daAuts
